 Dungeon Crawl Stone Soup version 0.27-a0-860-gaf99fae3ca (webtiles) character file.

Game seed: 7676033148795246737

149 robertstho the Sneak (level 5, 0/53 HPs)
             Began as a Troll Delver on Apr 1, 2021.
             Slain by an orc
             ... wielding a +0 dagger
              (3 damage)
             ... on level 5 of the Dungeon.
             The game lasted 00:00:39 (153 turns).

robertstho the Sneak (Troll Delver)                  Turns: 153, Time: 00:00:40

Health: 0/53       AC:  4    Str: 21    XL:     5   Next: 9%
Magic:  4/4        EV: 10    Int:  6    God:
Gold:   4          SH:  0    Dex: 11    Spells: 4/4 levels left

rFire    . . .     SeeInvis .     - Unarmed
rCold    . . .     Faith    .   (no shield)
rNeg     . . .     Spirit   .   a - +0 robe
rPois    .         Reflect  .   (helmet restricted)
rElec    .         Harm     .   (no cloak)
rCorr    .         Rampage  .   (gloves unavailable)
Will     .....                  (boots unavailable)
Stlth    ++........             h - amulet of magic regeneration
HPRegen  1.17/turn              (no ring)
MPRegen  0.34/turn              (no ring)

@: hasted, very quick
A: large, unfitting armour, claws 3, regeneration 1, shaggy fur 1, tough skin 1
a: no special abilities


You were on level 5 of the Dungeon.
You visited 1 branch of the dungeon, and saw 1 of its levels.

You collected 4 gold pieces.

Inventory:

Armour
 a - a +0 robe (worn)
Jewellery
 h - an amulet of magic regeneration (around neck)
Wands
 f - a wand of digging (3)
Scrolls
 b - a scroll of fog
 c - a scroll of magic mapping
 d - a scroll of fear
Potions
 g - a potion of heal wounds {unknown}


   Skills:
 + Level 3.0 Fighting
 + Level 1.8 Dodging
 + Level 3.8 Stealth
 + Level 2.4 Unarmed Combat


You had 4 spell levels left.
You didn't know any spells.
Your spell library was empty.

Dungeon Overview and Level Annotations

Branches:
Dungeon (5/15)
 Temple: D:4-7

Altars:


Innate Abilities, Weirdness & Mutations

You are too large for most types of armour.
You have claws for hands.
Your natural rate of healing is unusually fast.
You are covered in fur. (AC +1)
You have tough skin. (AC +1)


Message History

The iguana is heavily wounded.
The orc hits you but does no damage. The iguana bites you!
* * * LOW HITPOINT WARNING * * *
You scratch the iguana.
The iguana is severely wounded.
The orc hits you but does no damage. The iguana bites you!
* * * LOW HITPOINT WARNING * * *
You closely miss the iguana.
The iguana is severely wounded.
The orc barely misses you.
You scratch the iguana but do no damage.
The iguana is severely wounded.
The iguana bites you.
* * * LOW HITPOINT WARNING * * *
You scratch the iguana but do no damage.
The iguana is severely wounded.
The orc closely misses you.
The iguana bites you but does no damage.
You scratch the iguana.
The iguana is almost dead.
The orc barely misses you. The iguana barely misses you.
You scratch the iguana.
The iguana is almost dead.
You scratch the iguana.
You kill the iguana!
The orc hits you with a +0 dagger.
* * * LOW HITPOINT WARNING * * *
Your Fighting skill increases to level 3!
You have reached level 5!
You closely miss the quokka. The quokka bites you.
* * * LOW HITPOINT WARNING * * *
You scratch the quokka.
The quokka is moderately wounded.
You claw the quokka!
You kill the quokka!
The orc hits you with a +0 dagger.
* * * LOW HITPOINT WARNING * * *
Items here: ))) [[ †††.
You barely miss the orc. The orc hits you with a +0 dagger.
You die...

#..###.###....##
##.# ##........#
#.# ##.......#
##.# ##........#
#.###.###...###
#.#.## #...#
#.## ##.## #.#
.# #@# .#
......†o# .#
........#
......#.#
.###..#.. #.$#.#
#. ..# .. (..


You could see an orc.

Vanquished Creatures
  A scorpion (D:5)
  A hound (D:5)
  2 iguanas (D:5)
  3 orcs (D:5)
  A quokka (D:5)
8 creatures vanquished.

Notes
Turn   | Place    | Note
-------+----------+-------------------------------------------
     0 | D:5      | robertstho the Troll Delver began the quest for the Orb.
     0 | D:5      | Reached XP level 1. HP: 22/22 MP: 0/0
     9 | D:5      | Noticed a scorpion
    18 | D:5      | Killed a scorpion
    19 | D:5      | Reached XP level 2. HP: 9/29 MP: 1/1
    19 | D:5      | Reached XP level 3. HP: 11/36 MP: 2/2
    55 | D:5      | Reached XP level 4. HP: 6/44 MP: 3/3
   148 | D:5      | Reached XP level 5. HP: 5/53 MP: 4/4
   152 | D:5      | HP: 2/53 [orc/+0 dagger (5)]
   153 | D:5      | Slain by an orc

Illustrated notes

Levels and vault maps discovered:
D:5:      layout_loops_ring, nemelex_dance_club_becter

Skill      XL: |  1  2  3  4 |
---------------+-------------+-----
Stealth        | 3 |  3.8
Fighting       | 3 |  3.0
Dodging        | |  1.8
Unarmed Combat | |  2.4

Action                   |  1- 3 |  4- 6 || total
-------------------------+-------+-------++-------
Melee: Unarmed           |     9 |    44 ||    53
  Use: Potion            |       |     1 ||     1
Armor: Robe              |     2 |     8 ||    10
Dodge: Dodged            |     2 |    12 ||    14

Table legend: (Time is in decaauts)
 A = Elapsed time spent in this place.
 B = Non-inter-level travel time spent in this place.
 C = Inter-level travel time spent in this place.
 D = Time resting spent in this place.
 E = Time spent auto-exploring this place.
 F = Levels seen in this place.
 G = Mean time per level.
                   A        B        C        D        E       F      G
               +--------+--------+--------+--------+--------+-----+--------+
         Total |    135 |    135 |      0 |     28 |     47 |   1 |  135.0 |
       Dungeon |    135 |    135 |      0 |     28 |     47 |   1 |  135.0 |
               +--------+--------+--------+--------+--------+-----+--------+

Top non-repeatable levels by time:
     D:5: 135 daAuts
